AoeStats
← WildesPony

Black Forest

509940410Analyzed
2v2 RM · 4d ago on Sep 28, 2026· 67m 37s· 4 players
Game mode
Random Map
Map size
Medium (4 player)
Population
200
Speed
Normal
Resources
Standard
Victory
Conquest
Starting age
Dark Age
Ending age
Imperial Age
RankedLock teamsTeams togetherTeam positionsShared explorationLock speedFull tech treeHidden civsTurbo modeCheats
Victory
Defeat
🇩🇪 Britons · Germany
864
+15
🇩🇪 Spanish · Germany
853
+16
🇫🇷 Teutons · France
869
-16
🇫🇷 Khmer · France
828
-15
csurementmoi
0:27 Loom
14:04 Feudal Age
14:46 Double-Bit Axe
14:53 Horse Collar
22:53 Castle Age
21:10 Gold Mining
21:14 Stone Mining
21:13 Fishing Lines
25:21 Gold Shaft Mining
25:21 Stone Shaft Mining
24:50 Heavy Plow
25:15 Bow Saw
26:06 Fortified Wall
25:52 Murder Holes
27:56 Wheelbarrow
31:05 Ballistics
33:27 Imperial Age
31:58 Hand Cart
31:54 Caravan
33:14 Scale Barding Armor
33:20 Forging
34:24 Chain Barding Armor
33:33 Elite Ballista Elephant
34:16 Double Crossbow
35:35 Chemistry
35:05 Conscription
35:26 Bloodlines
35:17 Husbandry
37:18 Iron Casting
37:19 Plate Barding Armor
39:17 Blast Furnace
38:08 Fletching
41:07 Scale Mail Armor
44:44 Pikeman
45:10 Arson
44:51 Pikeman
45:50 Chain Mail Armor
60:16 Halberdier
Vachekirit
0:47 Loom
13:17 Feudal Age
13:56 Fishing Lines
16:19 Town Watch
19:08 Castle Age
17:21 Double-Bit Axe
17:21 Horse Collar
19:10 Scale Barding Armor
20:05 Gillnets
22:59 Fletching
25:38 Chain Barding Armor
27:14 Fortified Wall
30:30 Imperial Age
28:37 Wheelbarrow
29:05 Gillnets
29:35 Bow Saw
29:30 Padded Archer Armor
29:41 Forging
29:39 Bodkin Arrow
30:05 Elite Skirmisher
31:00 Bloodlines
31:09 Heavy Plow
31:55 Ballistics
32:39 Chemistry
32:10 Caravan
32:35 Cavalier
34:27 Conscription
34:52 Hoardings
34:46 Crenellations
35:42 Plate Barding Armor
35:47 Crop Rotation
36:19 Iron Casting
36:24 Paladin
37:45 Heated Shot
39:03 Capped Ram
42:54 Town Patrol
43:10 Hand Cart
50:37 Blast Furnace
49:53 Leather Archer Armor
49:45 Onager
52:31 Siege Onager
Graf von Schmusestadt
1:57 Loom
15:24 Feudal Age
17:09 Wheelbarrow
16:23 Double-Bit Axe
21:38 Castle Age
19:38 Gold Mining
21:18 Stone Mining
22:53 Hand Cart
22:51 Bow Saw
28:52 Stone Shaft Mining
32:47 Town Watch
33:20 Fortified Wall
33:42 Light Cavalry
34:37 Bloodlines
34:28 Husbandry
34:37 Scale Barding Armor
34:37 Scale Mail Armor
38:43 Imperial Age
37:21 Chain Barding Armor
37:31 Horse Collar
39:21 Town Patrol
39:43 Ballistics
39:34 Masonry
39:15 Cavalier
40:36 Plate Barding Armor
40:17 Chain Mail Armor
40:49 Onager
42:43 Plate Mail Armor
44:41 Chemistry
44:12 Architecture
43:22 Paladin
44:36 Squires
43:57 Pikeman
45:11 Forging
44:52 Fletching
45:03 Padded Archer Armor
46:39 Caravan
50:18 Architecture
52:54 Iron Casting
56:55 Leather Archer Armor
56:35 Bodkin Arrow
60:11 Two-Man Saw
59:16 Heavy Plow
62:31 Blast Furnace
62:01 Ring Archer Armor
61:31 Bracer
61:55 Conscription
61:55 Capped Ram
63:47 Arson
WildesPony
13:28 Feudal Age
19:30 Castle Age
17:13 Horse Collar
17:53 Gold Mining
19:09 Stone Mining
20:14 Heavy Plow
20:33 Double-Bit Axe
21:25 Wheelbarrow
21:46 Bow Saw
22:08 Crossbowman
25:08 Hand Cart
28:30 Caravan
35:43 Imperial Age
34:46 Fletching
34:57 Padded Archer Armor
35:21 Ballistics
35:24 Fortified Wall
36:46 Conscription
37:42 Chemistry
38:06 Two-Man Saw
37:57 Bodkin Arrow
38:17 Leather Archer Armor
38:42 Elite Longbowman
42:32 Bracer
43:03 Ring Archer Armor
42:41 Scale Barding Armor
43:28 Yeomen
43:10 Warwolf
43:40 Forging
43:30 Scale Mail Armor
42:56 Onager
43:59 Pikeman
44:41 Squires
46:38 Cavalier
47:19 Husbandry
49:27 Halberdier
56:32 Arbalester
Connection lost

Rejoining the realm…

Still unreachable

The connection could not be restored.

Session expired

The server has moved on; the page needs a fresh start.